 Dungeon Crawl Stone Soup version 0.31.0-32-g396128a36d (webtiles) character file.

Game seed: 2705365106263432136

148 mparten the Digger (level 5, -2/42 HPs)
             Began as a Gargoyle Earth Elementalist on Mar 31, 2024.
             Incinerated by a bombardier beetle (4 damage)
             ... with a burning spray
             ... on level 3 of the Dungeon.
             The game lasted 00:05:23 (2459 turns).

mparten the Digger (Gargoyle Earth Elementalist)    Turns: 2459, Time: 00:05:24

Health: -2/42      AC: 22    Str: 12    XL:     5   Next: 30%
Magic:  2/9        EV:  2    Int: 17    God:
Gold:   157        SH:  0    Dex: 10    Spells: 9/10 levels left

rFire   . . .        d - +0 whip
rCold   . . .        (no shield)
rNeg    + . .        a - melded +0 robe
rPois   ∞            (helmet currently unavailable)
rElec   .            (cloak currently unavailable)
rCorr   .            (gloves currently unavailable)
SInv    .            (boots currently unavailable)
Will    .....        (no amulet)
Stlth   +            (no ring)
HPRegen 0.27/turn    (no ring)
MPRegen 0.11/turn

%: no passive effects
@: on fire, tree-form, glowing
A: stationary, stasis, torment immunity, boosted hp, sickness immunity, AC +4,
negative energy resistance 1, (electricity resistance), torment resistance 1,
petrification resistance
a: no special abilities


You were on level 3 of the Dungeon.
You were a tree.
You visited 1 branch of the dungeon, and saw 3 of its levels.

You collected 157 gold pieces.

Inventory:

Hand Weapons
 d - a +0 whip (weapon)
Armour
 a - a +0 robe (melded)
Wands
 m - a wand of flame (21)
Scrolls
 c - 2 scrolls of enchant armour {unknown}
 g - 3 scrolls of immolation {unknown}
 i - a scroll of fear {unknown}
 j - a scroll of fog {unknown}
 k - a scroll of amnesia {unknown}
 l - a scroll of revelation {unknown}
Potions
 b - a potion of magic
 e - a potion of might {unknown}
 f - a potion of lignification
 h - a potion of berserk rage {unknown}


   Skills:
 - Level 1.5 Dodging
 + Level 3.1 Stealth
 * Level 3.2 Spellcasting
 * Level 3.2 Conjurations
 + Level 4.3 Earth Magic


You had 9 spell levels left.
You knew the following spells:

 Your Spells              Type           Power      Damage    Failure   Level
a - Sandblast             Erth           34%        2d9       2%          1

Your spell library contained the following spells:

 Spells                   Type           Power      Damage    Failure   Level
 Passwall                 Erth           17%        N/A       9%          3
 Stone Arrow              Conj/Erth      30%        3d8       11%         3
 Call Imp                 Summ           4%         N/A       26%         2
 Ensorcelled Hibernation  Hex/Ice        4%         N/A       26%         2
 Brom's Barrelling Bould  Conj/Erth      15%        2d4       34%         4
 Swiftness                Air            2%         N/A       45%         3
 Petrify                  Alch/Erth      10%        N/A       56%         4
 Summon Hydra             Summ           1%         N/A       100%        7
 Sublimation of Blood     Necr           Unusable   N/A       N/A         2

Dungeon Overview and Level Annotations

Branches:
Dungeon (3/15)

Altars:
Fedhas
Gozag
Kikubaaqudgha

Shops:
D:3 =(?


Innate Abilities, Weirdness & Mutations

You are a tree.
Your roots penetrate the ground, keeping you stationary.
You cannot be teleported.
You are immune to unholy pain and torment.
Your maximum health is greatly increased.
Your equipment is partially melded.
You are immune to sickness and miasma.
((Your stone body is resilient. (AC +4)))
You are immune to poison.
You resist negative energy. (rN+)
((You are resistant to electric shocks. (rElec)))
You are resistant to unholy torment.
You are immune to petrification.


Message History

The blast of sand hits the bombardier beetle!
The bombardier beetle is severely wounded.
The liquid fire burns you!
You take 2 damage, and have 22/24 hp.
You now have 5/8 mp.
The blast of sand hits the bombardier beetle.
The bombardier beetle is severely wounded.
The liquid fire burns you!
You take 5 damage, and have 17/24 hp.
MASSIVE DAMAGE!!
You now have 4/8 mp.
The blast of sand hits the bombardier beetle.
The bombardier beetle is almost dead.
The liquid fire burns you! The bombardier beetle misses you.
You take 8 damage, and have 9/24 hp.
MASSIVE DAMAGE!!
You now have 3/8 mp.
You are too injured to fight recklessly!
Casting: Sandblast (safe; 3% risk of failure)
Confirm with . or Enter, or press ? or * to list all spells.
Aiming: Sandblast (safe; 3% risk of failure)
Press: ? - help, Shift-Dir - straight line, f/p - bombardier beetle
Aim: a bombardier beetle (almost dead, 89% to hit)
The blast of sand misses the bombardier beetle.
The liquid fire burns you!
* * * LOW HITPOINT WARNING * * *
The bombardier beetle bites you but does no damage.
You take 3 damage, and have 6/24 hp.
Casting: Sandblast (safe; 3% risk of failure)
Confirm with . or Enter, or press ? or * to list all spells.
Aiming: Sandblast (safe; 3% risk of failure)
Press: ? - help, Shift-Dir - straight line, f/p - bombardier beetle
Aim: a bombardier beetle (almost dead, 89% to hit)
The blast of sand hits the bombardier beetle!
You kill the bombardier beetle!
The liquid fire burns you!
* * * LOW HITPOINT WARNING * * *
Your Conjurations skill increases to level 3!
You have reached level 5!
You take 5 damage, and have 1/28 hp.
You now have 2/9 mp.
It was a potion of lignification.
You turn into a tree.
Your +0 robe melds into your body.
Your roots penetrate the ground.
The liquid fire burns you!
You die...

.## ...
#### ###
#?. ... #.#
#†# # #♣#
#.#.####=##
#.#........
#...####.##
###.# ..#
#.# #.# #.#
#.# #.# #.#
#.# #.#


There were no monsters in sight!

Vanquished Creatures
  A bombardier beetle (D:3)
  3 adders
  4 dart slugs
  A ribbon worm (D:2)
  An orc (D:3)
  5 bats
  6 endoplasms
  A giant cockroach (D:1)
  4 goblins
  5 hobgoblins
  16 jackals
  2 quokkas
  10 ball pythons
  A frilled lizard (D:3)
  6 kobolds
  4 rats
70 creatures vanquished.

Notes
Turn   | Place    | Note
-------+----------+-------------------------------------------
     0 | D:1      | mparten the Gargoyle Earth Elementalist began the quest for
                  | the Orb.
     0 | D:1      | Reached XP level 1. HP: 10/10 MP: 3/3
   226 | D:1      | Reached XP level 2. HP: 15/15 MP: 3/5
   430 | D:1      | Reached XP level 3. HP: 19/19 MP: 0/6
   801 | D:1      | Found a faded altar of an unknown god.
  1146 | D:2      | Reached skill level 4 in Earth Magic
  1319 | D:2      | Found an opulent altar of Gozag.
  1473 | D:2      | Reached XP level 4. HP: 24/24 MP: 6/8
  2119 | D:3      | Found Affyigu's Jewellery Shop.
  2130 | D:3      | Found Boudghuij's Antique Weapon Boutique.
  2143 | D:3      | Found a blossoming altar of Fedhas.
  2248 | D:3      | Found an ancient bone altar of Kikubaaqudgha.
  2316 | D:3      | Found Abbel's Magic Scroll Emporium.
  2458 | D:3      | HP: 1/24 [burnt (5)]
  2459 | D:3      | Reached XP level 5. HP: 1/28 MP: 2/9
  2459 | D:3      | Incinerated by a bombardier beetle

Illustrated notes

Levels and vault maps discovered:
D:1:      dpeg_arrival_more_subterranean_lakeside_camping, layout_loops_ring,
          shapermc_ecumenical_altar_pompeii
D:2:      minmay_general_purpose_star, layout_rooms, basic_altar
D:3:      layout_loops_ring, kiku_gazebo_pond_becter,
          mainiacjoe_overflow_alcove_1, mainiacjoe_overflow_tiny_flanked,
          serial_shops, shop, nicolae_shop_tiny_waterfront, shop, shop, shop,
          kennysheep_flooded_box

Skill      XL: |  1  2  3  4 |
---------------+-------------+-----
Conjurations   | 2 3 |  3.2
Earth Magic    | 4 |  4.3
Spellcasting   | 3 |  3.2
Stealth        | 3 |  3.1
Dodging        | |  1.5

Action                     |  1- 3 |  4- 6 || total
---------------------------+-------+-------++-------
  Melee: Whip              |    14 |       ||    14
   Cast: Sandblast         |    53 |    44 ||    97
    Use: Potion            |       |     1 ||     1
 Armour: Robe              |    17 |     9 ||    26
  Dodge: Dodged            |    15 |     5 ||    20
